 Dungeon Crawl Stone Soup version 0.31.0-2-g5a2aebc5c2 (webtiles) character file.

Game seed: 13319885170455531259

367444 groovy9 the Executioner (level 22, -61/194 (209) HPs)
             Began as a Hill Orc Fighter on Jan 21, 2024.
             Was a Follower of Uskayaw.
             Killed from afar by a frost giant (99 damage)
             ... with a bolt of cold
             ... on level 4 of the Vaults.
             The game lasted 03:04:09 (41633 turns).

groovy9 the Executioner (Hill Orc Fighter)         Turns: 41633, Time: 03:04:10

HP:   -61/194 (209) AC: 31    Str: 28    XL:     22   Next: 58%
MP:   50/54         EV: 10    Int: 10    God:    Uskayaw [*.....]
Gold: 2547          SH: 20    Dex:  5    Spells: 21/21 levels left

rFire   + . .        a - +2 war axe (vamp)
rCold   x . .        s - +3 tower shield {reflect}
rNeg    . . .        n - +6 swamp dragon scales "Iheeju" {rPois rC- Will+++ Stlth+}
rPois   +            X - +0 helmet
rElec   +            E - +2 cloak of Wariness {*Slow rElec rCorr Str-2 SInv}
rCorr   +            I - +2 pair of gloves
SInv    +            x - +0 pair of boots
Will    ++++.        R - amulet of regeneration
Stlth   +            z - ring "Eppan" {MP+9 Dex-5 Slay+6}
HPRegen 1.32/turn    F - ring "Loqoar" {rF+ MP+9 Int+2}
MPRegen 0.34/turn

%: slow self (1%), reflection
@: drained
A: shaggy fur 1
}: 2/15 runes: serpentine, barnacled
a: Renounce Religion, Stomp


You were on level 4 of the Vaults.
You worshipped Uskayaw.
Uskayaw was greatly pleased with you.
You visited 8 branches of the dungeon, and saw 37 of its levels.

You collected 4077 gold pieces.
You spent 1530 gold pieces at shops.

Inventory:

Hand Weapons
 a - a +2 vampiric war axe (weapon)
 i - a +0 antimagic war axe
 r - a +6 spectral war axe
 B - a +2 hand axe of flaming
 D - a +1 broad axe of freezing
Missiles
 M - 36 boomerangs (quivered)
Armour
 b - the +0 leather armour of Biddeg {rC++ Str+3 Dex+3}
   (You found it on level 2 of the Vaults)

   Str+3:     It affects your strength (+3).
   Dex+3:     It affects your dexterity (+3).
   rC++:      It greatly protects you from cold.
 n - the +6 swamp dragon scales "Iheeju" (worn) {rPois rC- Will+++ Stlth+}
   (You found it on level 2 of the Lair of Beasts)

   rC-:       It makes you vulnerable to cold.
   rPois:     It protects you from poison Will+++: It greatly increases your
   willpower.
   Stlth+:    It makes you more stealthy.
 s - a +3 tower shield of reflection (worn)
 x - a +0 pair of boots (worn)
 E - the +2 cloak of Wariness (worn) {*Slow rElec rCorr Str-2 SInv}
   (You bought it in a shop on level 7 of the Dungeon)

   Str-2:     It affects your strength (-2).
   rElec:     It insulates you from electricity.
   SInv:      It lets you see invisible.
   rCorr:     It protects you from acid and corrosion.
   *Slow:     It may slow you when you take damage.
 I - a +2 pair of gloves (worn)
 X - a +0 helmet (worn)
Jewellery
 t - a ring of the Octopus King {rCorr HP+2 AC+2 EV+2 SH+2}
   (You found it on level 4 of the Vaults)

   [ring of resist corrosion]

   AC+2:      It affects your AC (+2).
   EV+2:      It affects your evasion (+2).
   HP+2:      It affects your health (+2).
   rCorr:     It protects you from acid and corrosion.
   SH+2:      It affects your SH (+2).
 w - the ring of Itwos {Fly rF+ Str-3 Stlth+}
   (You found it on level 2 of the Snake Pit)

   [ring of flight]

   Str-3:     It affects your strength (-3).
   rF+:       It protects you from fire.
   Fly:       It grants you flight.
   Stlth+:    It makes you more stealthy.
 z - the ring "Eppan" (left hand) {MP+9 Dex-5 Slay+6}
   (You bought it in a shop on level 1 of the Snake Pit)

   [ring of magical power]

   Dex-5:     It affects your dexterity (-5).
   Slay+6:    It affects your accuracy & damage with ranged weapons and melee
   (+6).
   MP+9:      It affects your magic capacity (+9).
 F - the ring "Loqoar" (right hand) {rF+ MP+9 Int+2}
   (You found it on level 15 of the Dungeon)

   [ring of protection from fire]

   Int+2:     It affects your intelligence (+2).
   rF+:       It protects you from fire.
   MP+9:      It affects your magic capacity (+9).
 O - an amulet of guardian spirit
 R - an amulet of regeneration (around neck)
Wands
 Y - a wand of digging (16)
Scrolls
 g - 2 scrolls of blinking
 p - 5 scrolls of fog
 q - 2 scrolls of silence
 u - 10 scrolls of revelation
 v - 3 scrolls of poison
 y - 2 scrolls of vulnerability
 A - 6 scrolls of teleportation
 G - 4 scrolls of immolation
 K - 3 scrolls of fear
 N - 6 scrolls of amnesia
 P - 12 scrolls of identify
 Q - 5 scrolls of enchant weapon
 W - 3 scrolls of butterflies
Potions
 d - 4 potions of might
 e - 4 potions of resistance
 f - 16 potions of curing
 h - 4 potions of haste
 j - 5 potions of berserk rage
 k - 3 potions of invisibility
 m - a potion of mutation
 o - 7 potions of lignification
 H - a potion of cancellation
 J - 5 potions of enlightenment
 L - 5 potions of heal wounds
 S - 2 potions of magic
 U - a potion of ambrosia
 V - 3 potions of attraction
Miscellaneous
 c - a sack of spiders
 l - a tin of tremorstones (2/2)
 C - a phantom mirror
 T - a phial of floods
 Z - a lightning rod (4/4)


   Skills:
 + Level 20.1 Fighting
 + Level 24.2 Axes
 - Level 12.0 Throwing
 + Level 18.4 Armour
 + Level 17.5 Shields
 + Level 20.0 Invocations
 - Level 10.0 Evocations


You had 21 spell levels left.
You didn't know any spells.
Your spell library contained the following spells:

 Spells                   Type           Power      Damage    Failure   Level
 Apportation              Tloc           0%         N/A       65%         1
 Necrotise                Necr           0%         1d4       65%         1
 Sting                    Conj/Alch      0%         1d3       65%         1
 Summon Small Mammal      Summ           0%         N/A       65%         1
 Blink                    Tloc           0%         N/A       80%         2
 Cigotuvi's Dreadful Rot  Necr/Alch/Air  0%         N/A       80%         2
 Ensorcelled Hibernation  Hex/Ice        0%         N/A       80%         2
 Jinxbite                 Hex            0%         N/A       80%         2
 Lesser Beckoning         Tloc           0%         N/A       80%         2
 Momentum Strike          Conj/Tloc      0%         3d8       80%         2
 Scorch                   Fire           0%         2d5       80%         2
 Call Canine Familiar     Summ           0%         N/A       95%         3
 Fugue of the Fallen      Necr           0%         N/A       95%         3
 Gell's Gravitas          Tloc           0%         N/A       95%         3
 Hailstorm                Conj/Ice       0%         3d5       95%         3
 Inner Flame              Hex/Fire       0%         N/A       95%         3
 Passwall                 Erth           0%         N/A       95%         3
 Summon Ice Beast         Ice/Summ       0%         N/A       95%         3
 Swiftness                Air            0%         N/A       95%         3
 Teleport Other           Tloc           0%         N/A       95%         3
 Tukima's Dance           Hex            0%         N/A       95%         3
 Volatile Blastmotes      Fire/Tloc      0%         2d10      95%         3
 Anguish                  Hex/Necr       0%         N/A       100%        4
 Animate Dead             Necr           0%         N/A       100%        4
 Dimensional Bullseye     Hex/Tloc       0%         N/A       100%        4
 Dispel Undead            Necr           0%         3d6       100%        4
 Flame Wave               Conj/Fire      0%         2d4       100%        4
 Fulminant Prism          Conj/Alch      0%         3d5       100%        4
 Ignite Poison            Fire/Alch      0%         N/A       100%        4
 Iskenderun's Mystic Bla  Conj/Tloc      0%         2d3       100%        4
 Martyr's Knell           Necr/Summ      0%         N/A       100%        4
 Sticky Flame             Fire/Alch      0%         2d4       100%        4
 Summon Blazeheart Golem  Fire/Summ      0%         N/A       100%        4
 Summon Lightning Spire   Summ/Air       0%         N/A       100%        4
 Vhi's Electric Charge    Tloc/Air       0%         N/A       100%        4
 Arcjolt                  Conj/Air       0%         1d10      100%        5
 Borgnjor's Vile Clutch   Necr/Erth      0%         N/A       100%        5
 Freezing Cloud           Conj/Ice/Air   0%         6-21      100%        5
 Iskenderun's Battlesphe  Conj           0%         2d6       100%        5
 Summon Mana Viper        Hex/Summ       0%         N/A       100%        5
 Yara's Violent Unravell  Hex/Alch       0%         3d3       100%        5
 Bombard                  Conj/Erth      0%         9d1       100%        6
 Conjure Ball Lightning   Conj/Air       0%         3x3d6     100%        6
 Death Channel            Necr           0%         N/A       100%        6
 Dispersal                Tloc           0%         N/A       100%        6
 Plasma Beam              Fire/Air       0%         2x1d10    100%        6
 Summon Cactus Giant      Summ           0%         N/A       100%        6
 Enfeeble                 Hex            0%         N/A       100%        7
 Haunt                    Necr/Summ      0%         N/A       100%        7
 Monstrous Menagerie      Summ           0%         N/A       100%        7
 Spellforged Servitor     Conj/Summ      0%         N/A       100%        7
 Borgnjor's Revivificati  Necr           0%         N/A       100%        8
 Discord                  Hex            0%         N/A       100%        8
 Infestation              Necr           0%         N/A       100%        8
 Maxwell's Capacitive Co  Air            0%         ∞         100%        8
 Death's Door             Necr           0%         N/A       100%        9


Dungeon Overview and Level Annotations

Branches:
Dungeon (15/15)            Temple (1/1) D:5            Lair (5/5) D:8
 Shoals (4/4) Lair:3        Snake (4/4) Lair:2        Slime (0/5) Lair:5
    Orc (2/2) D:12            Elf (1/3) Orc:2        Vaults (5/5) D:13
  Crypt (0/3) Vaults:3     Depths (0/4) D:15

Altars:
Ashenzari
Cheibriados
Dithmenos
Elyvilon
Fedhas
Gozag
Hepliaklqana
Kikubaaqudgha
Makhleb
Nemelex Xobeh
Okawaru
Qazlal
Ru
Sif Muna
Trog
Uskayaw
Vehumet
Wu Jian
Xom
Yredelemnul
Zin
The Shining One
Beogh

Shops:
D:3 !   D:6 [   D:7 [   Orc:2 [(((   Snake:1 ::=   Snake:2 !*=?


Innate Abilities, Weirdness & Mutations

You are covered in fur. (AC +1)


Message History

The lich shouts!
You block the deep troll's attack. x2; The deep troll closely misses you.
The deep elf death mage draws life force from you!!!
The deep elf death mage is healed by the life force!
You block the frost giant's attack.
The ghostly titan waves its arms in wide circles.
The air twists around and strikes you.
You hit the deep elf death mage.
The deep elf death mage is moderately wounded.
You hit the ironbound preserver. You slice the frost giant!!
You feel better.
You hit the deep troll.
You feel better.
A deep troll comes into view. x2
You block the ironbound preserver's attack.
The deep elf death mage barely misses you.
You block the deep troll's attack. x3
The frost giant casts a spell at you. The bolt of cold misses you.
The phantasmal warrior gestures at you.
The phantasmal warrior blinks!
The deep troll shouts!
You block the deep troll's attack. The deep troll claws you!
You block the deep troll's attack.
You block the ironbound preserver's attack.
The deep elf death mage gestures at you while chanting.
The bolt of negative energy hits you!!!
You feel drained. The frost giant casts a spell at you.
The bolt of cold hits you!!!
You feel a terrible chill!
* * * LOW HITPOINT WARNING * * *
You climb upwards.
There is a stone staircase leading down, spattered with blood here.
Okay, then.
Aiming: Line Pass
Press: ? - help, Dir - move target The deep elf death mage appears confused.
You can no longer pass through a line of other dancers.
The frost giant is no longer sharing its pain.
The frost giant points at you and mumbles some strange words.
The bolt of cold hits you!!!!
You feel a terrible chill!
Ouch! That really hurt!
You die...

#................#....#......
##################....#####)#
########## #........)).
......[..# #...........
.........#############...........
.........#....T[p....#...........
.........#....[>[....#...........
.........#....C[e.[..#...........
.........'...###@#####...........
.........#...#.......#...........
.........#...#.......#...........
.........#...#.......#...........
.........))).#...#####...........
##########[).#...'...#...........
#.).'.).#...#...........
#...#...#...#########'##
##'#########...#...#...#


You could see an ironbound preserver, a frost giant (empowered), a deep elf
death mage (empowered, confused, pain bonded) and a deep troll.

Vanquished Creatures
  An ancient lich (Vaults:5)
  Saint Roka (Snake:2)
  A tentacled monstrosity (Vaults:5)
  Polyphemus (Shoals:2)
  2 titans
  Frances (D:13)
  A sphinx (Vaults:3)
  Agnes (D:15)
  Kirke (D:13)
  The ghost of croobank the Merchant of Misery, an adept FeSu of Kikubaaqudgha (Vaults:2)
  Roxanne (D:15)
  The ghost of DaftaChap the Markskobold, an adept KoHu (D:14)
  Ilsuiw (Shoals:3)
  2 tengu reavers (Vaults:4)
  The ghost of AyAyRon the Bludgeoner, an adept DsFi of Yredelemnul (D:15)
  6 nagarajas
  A frost giant (Vaults:5)
  18 vault wardens
  An orc warlord (Vaults:3)
  13 ironbound preservers
  A very ugly thing (Vaults:5)
  2 formless jellyfish
  3 stone giants
  A vampire knight (Vaults:3)
  Nessos (D:13)
  6 ironbound thunderhulks
  6 war gargoyles
  Azrael (Orc:2)
  17 dire elephants
  Snorg (D:13)
  2 crystal guardians
  3 ettins
  9 merfolk impalers
  Josephine (D:11)
  8 merfolk javelineers
  2 deep elf high priests
  6 yaktaur captains
  2 entropy weavers (Vaults:2)
  32 vault guards
  2 rakshasas (D:15)
  A hell beast (Snake:2)
  3 salamander tyrants (Snake:4)
  3 ogre magi
  4 catoblepae
  Erolcha (Orc:2)
  3 great orbs of eyes
  6 hydras
  4 merfolk aquamancers
  7 peacekeepers
  3 merfolk avatars
  11 anacondas
  12 ironbound frosthearts
  11 centaur warriors
  2 spectral shadow dragons (Vaults:2)
  3 two-headed ogres
  4 boulder beetles
  20 naga warriors
  A spectral stone giant (Vaults:2)
  6 death yaks
  15 naga sharpshooters
  2 satyrs
  A vampire mage (Vaults:3)
  A tengu warrior (D:14)
  3 demonic crawlers (D:13)
  An occultist (D:15)
  5 orc high priests (Orc:2)
  A titan zombie (Vaults:3)
  A spectral storm dragon (Vaults:2)
  A deep elf knight (D:15)
  5 salamander mystics (Snake:4)
  6 skysharks
  A fire crab (shapeshifter) (Vaults:4)
  13 shock serpents
  9 sea snakes
  A spectral human (Vaults:2)
  31 deep trolls
  A deep elf archer (D:15)
  Lodul (D:13)
  2 glowing orange brains
  18 lindwurms
  11 naga ritualists
  A tengu zombie (Vaults:3)
  Pikel (D:8)
  30 mana vipers
  7 arcanists
  16 ironbound convokers
  An iron dragon zombie (Vaults:3)
  A phantasmal warrior (Vaults:3)
  11 harpies
  5 necromancers
  6 orc knights
  3 deep elf pyromancers
  10 cyclopes
  6 orc sorcerers
  6 oklob plants (Lair:5)
  5 fauns
  13 ugly things
  22 manticores
  A moth of wrath (shapeshifter) (Vaults:5)
  24 salamanders
  7 elephants
  A shining eye (shapeshifter) (Vaults:5)
  3 meliai (D:14)
  10 guardian serpents
  8 merfolk sirens
  20 vault sentinels
  44 black mambas
  8 kobold blastminers
  A torpor snail (Lair:2)
  2 centaur zombies (D:15)
  A titan simulacrum (Vaults:2)
  13 water nymphs
  A spectral elf (Vaults:2)
  A stone giant skeleton (Vaults:3)
  20 naga magi
  19 cane toads
  A gargoyle (D:11)
  14 rime drakes
  A kobold demonologist (D:12)
  4 freezing wraiths
  2 yaktaur zombies (Vaults:3)
  4 tengu conjurers
  45 yaktaurs
  9 komodo dragons
  2 trolls
  7 wind drakes
  A queen bee (shapeshifter) (D:15)
  34 merfolk
  4 hornets
  9 polar bears
  A glass eye (D:13)
  14 blink frogs
  Grinder (D:4)
  A meliai zombie (D:15)
  2 human simulacra (Vaults:2)
  24 dream sheep
  15 snapping turtles
  A stone giant simulacrum (Vaults:2)
  7 air elementals (Shoals:4)
  21 wyverns
  20 slime creatures
  3 shadows
  A spriggan (shapeshifter) (D:15)
  Sigmund (D:2)
  15 water elementals
  7 wraiths
  54 yaks
  13 basilisks
  2 hogs (D:13)
  A redback (Vaults:2)
  5 steam dragons
  4 fire elementals
  10 wargs
  2 yaktaur simulacra
  4 vampire mosquitoes (D:12)
  An elf skeleton (Vaults:3)
  78 nagas
  A harpy simulacrum (D:15)
  16 water moccasins
  4 acid dragons
  6 hell hounds
  8 orc warriors
  An ice beast (D:6)
  2 black bears
  A sky beast (D:7)
  3 small abominations (D:13)
  4 laughing skulls
  13 ogres
  18 wolves
  12 centaurs
  3 lemures (D:8)
  3 phantoms
  7 kobold brigands
  23 bullfrogs
  A scorpion (D:4)
  An ogre simulacrum (Vaults:3)
  14 killer bees
  2 electric eels
  7 howler monkeys
  2 bombardier beetles (D:5)
  4 hounds
  4 jellies
  24 orc priests
  22 orc wizards
  3 sleepcaps
  Natasha (thrice) (D:3)
  3 hell rats (Lair:3)
  7 iguanas
  7 adders
  A white imp (D:5)
  6 ufetubi
  4 dart slugs
  A ribbon worm (D:1)
  63 orcs
  3 bats
  4 endoplasms
  10 giant cockroaches
  9 hobgoblins
  15 jackals
  2 quokkas
  5 ball pythons
  3 frilled lizards
  12 goblins
  23 kobolds
  2 rats
  A butterfly (Lair:1)
1563 creatures vanquished.

Vanquished Creatures (others)
  A salamander (Snake:4)
  A human (D:13)
  A shadow imp (D:8)
  52 spectral weapons
55 creatures vanquished.

Grand Total: 1618 creatures vanquished

Notes
Turn   | Place    | Note
-------+----------+-------------------------------------------
     0 | D:1      | groovy9 the Hill Orc Fighter began the quest for the Orb.
     0 | D:1      | Reached XP level 1. HP: 19/19 MP: 1/1
    44 | D:1      | Reached skill level 3 in Axes
    56 | D:1      | Reached XP level 2. HP: 24/27 MP: 2/2
   257 | D:1      | Reached XP level 3. HP: 30/33 MP: 3/3
   426 | D:1      | Reached skill level 4 in Axes
   788 | D:2      | Reached XP level 4. HP: 40/40 MP: 4/4
  1123 | D:2      | Noticed Sigmund
  1130 | D:2      | Killed Sigmund
  1131 | D:2      | Reached skill level 5 in Axes
  1131 | D:2      | Reached XP level 5. HP: 46/47 MP: 5/5
  1131 | D:2      | Reached XP level 6. HP: 53/55 MP: 6/6
  1276 | D:3      | Found Olaxuxt's Distillery.
  1286 | D:3      | Bought a potion of degeneration for 13 gold pieces
  1286 | D:3      | Bought a potion of lignification for 39 gold pieces
  1403 | D:3      | Reached skill level 5 in Fighting
  1405 | D:3      | Reached skill level 6 in Axes
  1427 | D:3      | Noticed Natasha
  1438 | D:3      | Killed Natasha
  1558 | D:3      | Noticed Natasha
  1562 | D:3      | Killed Natasha
  1647 | D:3      | Noticed Natasha
  1661 | D:3      | Killed Natasha
  1893 | D:4      | Noticed Grinder
  1906 | D:4      | Killed Grinder
  1907 | D:4      | Reached skill level 7 in Axes
  1907 | D:4      | Reached skill level 5 in Armour
  1907 | D:4      | Reached XP level 7. HP: 44/62 MP: 7/7
  2088 | D:4      | Identified the +4 chain mail "Loqyfotz" {^Contam rPois
                  | Str+3}
  2154 | D:4      | Reached skill level 8 in Axes
  2325 | D:4      | Reached XP level 8. HP: 71/71 MP: 8/8
  2487 | D:4      | Got the Codex of Fog and the Pyromaniac
  2547 | D:5      | Entered Level 5 of the Dungeon
  2638 | D:5      | Reached skill level 9 in Axes
  2656 | D:5      | Found a staircase to the Ecumenical Temple.
  2684 | Temple   | Entered the Ecumenical Temple
  2694 | Temple   | Became a worshipper of Uskayaw the Reveller
  2771 | D:5      | Reached * piety under Uskayaw
  3280 | D:6      | Found Rell's Armour Shop.
  3285 | D:6      | Bought a +0 tower shield for 67 gold pieces
  3313 | D:6      | Reached skill level 10 in Axes
  3548 | D:6      | Reached ** piety under Uskayaw
  3668 | D:6      | Reached XP level 9. HP: 79/79 MP: 9/9
  3874 | D:6      | Reached skill level 1 in Invocations
  4582 | D:7      | Found Bemeless's Antique Armour Shoppe.
  4771 | D:7      | Reached skill level 11 in Axes
  4775 | D:7      | Reached *** piety under Uskayaw
  4968 | D:7      | Bought a warped cloak for 247 gold pieces
  4968 | D:7      | Identified the +2 cloak of Wariness {*Slow rElec rCorr
                  | Str-2 SInv} (You bought it in a shop on level 7 of the
                  | Dungeon)
  4979 | D:8      | Noticed Pikel
  4988 | D:8      | Killed Pikel
  5113 | D:8      | Found a blossoming altar of Fedhas.
  5141 | D:8      | Found a sacrificial altar of Ru.
  5156 | D:8      | Found a snail-covered altar of Cheibriados.
  5157 | D:8      | Found a shimmering altar of Xom.
  5157 | D:8      | Found a staircase to the Lair.
  5193 | D:8      | Reached skill level 5 in Shields
  5255 | D:8      | Found an opulent altar of Gozag.
  5260 | D:8      | Found a bloodstained altar of Trog.
  5261 | D:8      | Found a broken altar of Ashenzari.
  5262 | D:8      | Found a sparkling altar of Nemelex Xobeh.
  5286 | D:8      | Reached skill level 12 in Axes
  5286 | D:8      | Reached XP level 10. HP: 70/90 MP: 12/12
  5291 | D:8      | Reached **** piety under Uskayaw
  5295 | D:8      | Reached ***** piety under Uskayaw
  5660 | D:8      | Reached skill level 5 in Invocations
  6053 | D:9      | Reached skill level 13 in Axes
  6141 | D:9      | Reached skill level 1 in Throwing
  6637 | D:9      | Reached XP level 11. HP: 89/97 MP: 15/15
  7357 | Lair:1   | Entered Level 1 of the Lair of Beasts
  7450 | Lair:1   | Reached skill level 14 in Axes
  7632 | Lair:1   | Reached skill level 10 in Fighting
  8501 | Lair:2   | Found a staircase to the Snake Pit.
  8514 | Lair:2   | Reached XP level 12. HP: 97/107 MP: 13/17
  8526 | Lair:2   | Reached skill level 15 in Axes
  8729 | Lair:2   | Noticed a boulder beetle
  8750 | Lair:2   | Killed a boulder beetle
  8996 | Lair:2   | Noticed a seven-headed hydra
  9008 | Lair:2   | Killed a one-headed hydra
  9102 | Lair:2   | Reached skill level 10 in Armour
  9561 | Lair:2   | Noticed a catoblepas
  9562 | Lair:2   | Noticed a catoblepas
  9579 | Lair:2   | Killed a catoblepas
  9580 | Lair:2   | Reached skill level 16 in Axes
  9581 | Lair:2   | Killed a catoblepas
  9582 | Lair:2   | Reached skill level 5 in Throwing
  9793 | Lair:2   | Identified the +6 swamp dragon scales "Iheeju" {rPois rC-
                  | Will+++ Stlth+}
  9809 | Lair:2   | Gained mutation: Your body sometimes deteriorates upon
                  | taking damage. [mutagenic glow]
 10232 | Lair:3   | Reached XP level 13. HP: 110/116 MP: 19/19
 11092 | Lair:3   | Reached skill level 17 in Axes
 11435 | Lair:3   | Found a staircase to the Shoals.
 11526 | Lair:3   | HP: 8/177 [basilisk (9)]
 11530 | Lair:3   | HP: 2/118 [basilisk (8)]
 11970 | Lair:4   | Reached skill level 10 in Invocations
 12984 | Lair:4   | Reached XP level 14. HP: 114/127 MP: 21/21
 13136 | Lair:5   | Entered Level 5 of the Lair of Beasts
 13448 | Lair:5   | Reached skill level 10 in Shields
 13476 | Lair:5   | Reached skill level 18 in Axes
 15279 | Lair:5   | Identified the +8 rapier of Propriety {flame, ^Contam rN+
                  | Dex+7}
 15340 | Lair:5   | Found a staircase to the Slime Pits.
 15777 | D:10     | Entered Level 10 of the Dungeon
 15786 | D:10     | You fall into a shaft and drop 3 floors!
 15831 | D:13     | Found a gate to the Vaults.
 16370 | D:11     | Reached XP level 15. HP: 130/136 MP: 23/23
 16453 | D:11     | Noticed Josephine
 16469 | D:11     | Killed Josephine
 17393 | D:12     | Found a staircase to the Orcish Mines.
 17708 | Orc:1    | Entered Level 1 of the Orcish Mines
 17943 | Orc:2    | Entered Level 2 of the Orcish Mines
 18095 | Orc:2    | Found a staircase to the Elven Halls.
 18279 | Orc:2    | Found a roughly hewn altar of Beogh.
 18287 | Orc:2    | Found Vueliluj's Antique Weapon Shop.
 18448 | Orc:2    | Noticed Erolcha
 18456 | Orc:2    | Killed Erolcha
 18457 | Orc:2    | Reached skill level 19 in Axes
 18474 | Orc:2    | Found Iqasakh Byuc's Armour Shop.
 18520 | Orc:2    | Found Pojemn's Antique Weapon Shop.
 18557 | Orc:2    | Found Camunizyus's Antique Weapon Boutique.
 18777 | Orc:2    | Noticed Azrael
 18804 | Orc:2    | Killed Azrael
 19382 | Snake:1  | Entered Level 1 of the Snake Pit
 20128 | Snake:1  | Reached XP level 16. HP: 117/147 MP: 2/25
 20129 | Snake:1  | Reached ****** piety under Uskayaw
 20607 | Snake:1  | Found Diafo's Book Shop.
 20608 | Snake:1  | Found Odoeremu's Jewellery Emporium.
 20609 | Snake:1  | Found Kesat's Book Shop.
 20617 | Snake:1  | Bought the ring "Eppan" {MP+9 Dex-5 Slay+6} for 583 gold
                  | pieces
 20793 | Snake:1  | Reached skill level 1 in Evocations
 21151 | Snake:2  | Found a transporter.
 21196 | Snake:2  | Noticed Saint Roka
 21336 | Snake:2  | Killed Saint Roka
 21464 | Snake:2  | Reached skill level 15 in Fighting
 21485 | Snake:2  | Found Joinn's General Store.
 21495 | Snake:2  | Found Suif's Magic Scroll Shoppe.
 21505 | Snake:2  | Bought a scroll of brand weapon for 114 gold pieces
 21505 | Snake:2  | Bought a scroll of enchant weapon for 90 gold pieces
 21576 | Snake:2  | Found Mecsarph's Jewellery Boutique.
 21624 | Snake:2  | Found a transporter.
 21726 | Snake:2  | Found Fierchoko's Distillery.
 21734 | Snake:2  | Bought a potion of might for 68 gold pieces
 21734 | Snake:2  | Bought a potion of heal wounds for 85 gold pieces
 21734 | Snake:2  | Bought a potion of heal wounds for 85 gold pieces
 21734 | Snake:2  | Bought a potion of heal wounds for 85 gold pieces
 21803 | Snake:2  | Identified the +5 ring mail of Gravity {*Corrode rPois rF+
                  | rN+}
 22052 | Snake:2  | Gained mutation: Your body often deteriorates upon taking
                  | damage. [mutagenic glow]
 22062 | Snake:2  | Gained mutation: You are dopey. (Int -2) [mutagenic glow]
 22072 | Snake:2  | Gained mutation: You are frail. (-10% HP) [mutagenic glow]
 22086 | Snake:2  | Identified the ring of the Stallion {rPois Will+}
 22104 | Snake:2  | Identified the ring of Itwos {Fly rF+ Str-3 Stlth+}
 22177 | Snake:3  | Noticed a nagaraja
 22179 | Snake:3  | Killed a nagaraja
 22179 | Snake:3  | Noticed a nagaraja
 22187 | Snake:3  | Killed a nagaraja
 22188 | Snake:3  | Reached skill level 20 in Axes
 22528 | Snake:3  | Reached XP level 17. HP: 127/140 MP: 27/27
 22932 | Snake:3  | Reached skill level 10 in Throwing
 23355 | Snake:4  | Entered Level 4 of the Snake Pit
 24163 | Snake:4  | Reached skill level 5 in Evocations
 24934 | Snake:4  | Reached skill level 15 in Invocations
 25572 | Snake:4  | Reached XP level 18. HP: 94/149 MP: 29/29
 25663 | Snake:4  | Reached skill level 15 in Armour
 25664 | Snake:4  | Reached skill level 21 in Axes
 25670 | Snake:4  | Got a serpentine rune of Zot
 26086 | D:13     | Noticed Snorg
 26180 | D:13     | Killed Snorg
 26200 | D:13     | Noticed Nessos
 26206 | D:13     | Killed Nessos
 26282 | D:13     | Noticed Lodul
 26293 | D:13     | Killed Lodul
 26439 | D:13     | Got Vipt's Directory of Hail and Ill Luck
 26713 | D:13     | Noticed Kirke
 26715 | D:13     | Noticed Frances
 26723 | D:13     | Killed Kirke
 26736 | D:13     | Killed Frances
 27831 | D:14     | Found a runed translucent door.
 27836 | D:14     | Noticed DaftaChap's ghost (adept KoHu)
 28383 | D:14     | Killed DaftaChap's ghost
 28420 | D:15     | Entered Level 15 of the Dungeon
 28630 | D:15     | Noticed Agnes
 28641 | D:15     | Killed Agnes
 28748 | D:15     | Found a transporter.
 28751 | D:15     | Found a transporter.
 28758 | D:15     | Noticed AyAyRon's ghost (adept DsFi)
 28970 | D:15     | Noticed Roxanne
 28980 | D:15     | Killed Roxanne
 29298 | D:15     | Found a staircase to the Depths.
 29351 | D:15     | Lost mutation: You are dopey. (Int -2) [potion of mutation]
 29351 | D:15     | Lost mutation: You are frail. (-10% HP) [potion of
                  | mutation]
 29351 | D:15     | Gained mutation: You are clumsy. (Dex -2) [potion of
                  | mutation]
 29352 | D:15     | Lost mutation: Your body often deteriorates upon taking
                  | damage. [potion of mutation]
 29352 | D:15     | Lost mutation: You are clumsy. (Dex -2) [potion of
                  | mutation]
 29352 | D:15     | Gained mutation: You are agile. (Dex +4, Str/Int -1)
                  | [potion of mutation]
 29352 | D:15     | Gained mutation: You are robust. (+10% HP) [potion of
                  | mutation]
 29352 | D:15     | Gained mutation: You have a pair of small horns on your
                  | head. [potion of mutation]
 29353 | D:15     | Lost mutation: Your body sometimes deteriorates upon taking
                  | damage. [potion of mutation]
 29353 | D:15     | Lost mutation: You are robust. (+10% HP) [potion of
                  | mutation]
 29353 | D:15     | Lost mutation: You have a pair of small horns on your head.
                  | [potion of mutation]
 29353 | D:15     | Gained mutation: You are weak. (Str -2) [potion of
                  | mutation]
 29353 | D:15     | Gained mutation: You occasionally shout uncontrollably at
                  | your foes. [potion of mutation]
 29353 | D:15     | Lost mutation: You are agile. (Dex +4, Str/Int -1) [potion
                  | of mutation]
 29353 | D:15     | Gained mutation: You expend magic power (3 MP) to
                  | strengthen your wands. [potion of mutation]
 29354 | D:15     | Lost mutation: You expend magic power (3 MP) to strengthen
                  | your wands. [potion of mutation]
 29354 | D:15     | Lost mutation: You occasionally shout uncontrollably at
                  | your foes. [potion of mutation]
 29354 | D:15     | Lost mutation: You are weak. (Str -2) [potion of mutation]
 29354 | D:15     | Gained mutation: You have hidden genetic defects. [potion
                  | of mutation]
 29354 | D:15     | Gained mutation: Your muscles are strong. (Str +4, Int/Dex
                  | -1) [potion of mutation]
 29390 | D:15     | Reached XP level 19. HP: 147/177 MP: 31/31
 29497 | D:15     | Killed AyAyRon's ghost
 29509 | D:15     | Identified the staff of the Mashing Gods {rN+ Dex+3 Necro}
 29510 | D:15     | Identified the ring "Loqoar" {rF+ MP+9 Int+2}
 29538 | D:15     | Identified the +1 robe "Ohos" {rC- Int+6}
 29794 | Shoals:1 | Entered Level 1 of the Shoals
 30404 | Shoals:1 | Identified the +7 long sword of Ashenzari, Howling {speed,
                  | rElec rF+ Int+3}
 30792 | Shoals:1 | Gained mutation: Your magical capacity is low. (-10% MP)
                  | [hidden defects]
 30872 | Shoals:2 | Identified the +3 great sword "Vyukheg" {speed, rElec}
 31164 | Shoals:2 | Noticed Polyphemus
 31177 | Shoals:2 | Killed Polyphemus
 31497 | Shoals:2 | Gained mutation: You sometimes lose your temper in combat.
                  | [hidden defects]
 31497 | Shoals:2 | Lost mutation: You have hidden genetic defects. [hidden
                  | defects expressed]
 31860 | Shoals:2 | Lost mutation: Your magical capacity is low. (-10% MP)
                  | [potion of mutation]
 31860 | Shoals:2 | Lost mutation: Your muscles are strong. (Str +4, Int/Dex
                  | -1) [potion of mutation]
 31860 | Shoals:2 | Lost mutation: You sometimes lose your temper in combat.
                  | [potion of mutation]
 31860 | Shoals:2 | Gained mutation: You are frail. (-10% HP) [potion of
                  | mutation]
 31860 | Shoals:2 | Gained mutation: You are occasionally teleported next to
                  | monsters. [potion of mutation]
 31860 | Shoals:2 | Gained mutation: You passively map a small area around you.
                  | [potion of mutation]
 31861 | Shoals:2 | Lost mutation: You are occasionally teleported next to
                  | monsters. [potion of mutation]
 31861 | Shoals:2 | Lost mutation: You are frail. (-10% HP) [potion of
                  | mutation]
 31861 | Shoals:2 | Gained mutation: You are frail. (-10% HP) [potion of
                  | mutation]
 31861 | Shoals:2 | Gained mutation: Your mind is acute. (Int +4, Str/Dex -1)
                  | [potion of mutation]
 31862 | Shoals:2 | Lost mutation: You passively map a small area around you.
                  | [potion of mutation]
 31862 | Shoals:2 | Lost mutation: You are frail. (-10% HP) [potion of
                  | mutation]
 31862 | Shoals:2 | Gained mutation: You have a pair of small horns on your
                  | head. [potion of mutation]
 31920 | Shoals:3 | Noticed Ilsuiw
 31932 | Shoals:3 | Killed Ilsuiw
 32791 | Shoals:4 | Entered Level 4 of the Shoals
 32836 | Shoals:4 | Paralysed by an air elemental for 1 turns
 32841 | Shoals:4 | Paralysed by an air elemental for 1 turns
 32848 | Shoals:4 | Paralysed by an air elemental for 1 turns
 33179 | Shoals:4 | Reached skill level 22 in Axes
 33303 | Shoals:4 | Reached skill level 15 in Shields
 33358 | Shoals:4 | Got a barnacled rune of Zot
 33823 | Shoals:4 | Reached XP level 20. HP: 173/187 MP: 32/32
 34556 | Elf:1    | Entered Level 1 of the Elven Halls
 34561 | Orc:2    | Lost mutation: You have a pair of small horns on your head.
                  | [potion of mutation]
 34561 | Orc:2    | Lost mutation: Your mind is acute. (Int +4, Str/Dex -1)
                  | [potion of mutation]
 34561 | Orc:2    | Gained mutation: You are covered in fur. (AC +1) [potion of
                  | mutation]
 34597 | Orc:2    | Bought a +0 helmet for 54 gold pieces
 34737 | Vaults:1 | Entered Level 1 of the Vaults
 35300 | Vaults:1 | Identified the +3 longbow "Huecwy" {flame, +Blink rPois
                  | Int-2}
 36589 | Vaults:2 | You fall into a shaft and drop 2 floors!
 36790 | Vaults:3 | Reached skill level 10 in Evocations
 36798 | Vaults:3 | Reached XP level 21. HP: 188/195 MP: 34/34
 37375 | Vaults:3 | Reached skill level 23 in Axes
 37653 | Vaults:2 | Identified the +0 leather armour of Biddeg {rC++ Str+3
                  | Dex+3}
 37896 | Vaults:2 | Found a runed translucent gate.
 37896 | Vaults:2 | Found a runed translucent gate.
 37896 | Vaults:2 | Found a runed translucent gate.
 38798 | Vaults:2 | Noticed croobank's ghost (adept FeSu)
 38829 | Vaults:2 | Killed croobank's ghost
 38888 | Vaults:2 | Got Xon Tin's Vademecum on the Mesa and the Tropics
 40041 | Vaults:3 | Found a staircase to the Crypt.
 40553 | Vaults:4 | Reached XP level 22. HP: 192/206 MP: 35/35
 40753 | Vaults:4 | Identified the +0 plate armour of Uskayaw's Envy {rC+}
 41051 | Vaults:4 | Found the ring of the Octopus King
 41077 | Vaults:4 | Identified a ring of the Octopus King {rCorr HP+2 AC+2 EV+2
                  | SH+2}
 41215 | Vaults:5 | Entered Level 5 of the Vaults
 41289 | Vaults:5 | Noticed an ancient lich
 41295 | Vaults:5 | Killed an ancient lich
 41299 | Vaults:5 | Reached skill level 24 in Axes
 41633 | Vaults:4 | Killed from afar by a frost giant

Illustrated notes

Levels and vault maps discovered:
D:1:      erik_arrival_orb_chamber, layout_rooms, minivault_11
D:2:      layout_basic, uniq_sigmund
D:3:      layout_rooms, serial_shops, shop, palyth_stone_intersect, uniq_natasha
D:4:      layout_gridville, uniq_grinder
D:5:      layout_gridville, minmay_temple_entry_drinking_statues
D:6:      wad_pebble_path, layout_basic, serial_shops, shop
D:7:      layout_basic, serial_shops, shop, skrybe_limestone_x
D:8:      layout_rooms, nicolae_ru_awakened_eye, mainiacjoe_overflow_catwalk,
          mainiacjoe_overflow_alcove_3,
          chequers_temple_overflow_statue_of_worship, grunt_ministairs_11,
          eino_jars, uniq_pikel
D:9:      layout_basic, serial_corexii_hall, corexii_hall_statues_deadend,
          corexii_hall_statues_u
D:10:     layout_gridville, due_unseen_surprise
D:11:     layout_long_grid, nicolae_letterblocks [nicolae_letter_subblock,
          nicolae_letter_subblock, nicolae_letter_subblock,
          nicolae_letter_subblock, nicolae_letter_subblock,
          nicolae_letter_subblock, nicolae_letter_subblock,
          nicolae_letter_subblock, nicolae_letter_subblock,
          nicolae_letter_subblock, nicolae_letter_subblock,
          nicolae_letter_subblock, nicolae_letter_subblock,
          nicolae_letter_subblock, nicolae_letter_subblock,
          nicolae_letter_subblock, nicolae_letter_subblock,
          nicolae_letter_subblock, nicolae_letter_subblock,
          nicolae_letter_subblock, nicolae_letter_subblock,
          nicolae_letter_subblock, nicolae_letter_subblock,
          nicolae_letter_subblock, nicolae_letter_subblock], uniq_josephine
D:12:     layout_loops_ring, orc_0_dummy
D:13:     cheibrodos_hippocracy, layout_basic,
          lightli_vaults_fourway_checkpoint, uniq_kirke, uniq_snorg, uniq_lodul,
          uniq_nessos, uniq_frances
D:14:     layout_grid_maze, ebering_ghost_inner_flame,
          chequers_serial_rivers_small_3, minmay_misc_feat_five
D:15:     grunt_enter_depths_magical_seal, layout_long_grid, nzn_ghost_randoct,
          beargit_elvish_explorers, uniq_agnes, uniq_roxanne
Temple:   nicolae_temple_great_sept
Lair:1:   layout_roguey, serial_bayou_pond_e, serial_bayou_shore_a,
          grunt_megastairs_3, lemuel_fruit_fields, lemuel_fruit_fields
Lair:2:   regret_index_malice_mire, layout_cave_shapes,
          guppyfry_snake_entry_garden, special_room
Lair:3:   layout_misc_corridors, mainiacjoe_shoals_entry_four_pools,
          serial_rivers, chequers_serial_rivers_micro_c,
          chequers_serial_rivers_small_3, chequers_serial_rivers_micro_d,
          chequers_serial_rivers_room_b, chequers_serial_rivers_micro_e,
          chequers_serial_rivers_large_b, special_room
          [special_room_mythical_zoo], forest_entry_grove,
          infiniplex_staircase_pool
Lair:4:   layout_cave_pods, guppyfry_lair_drakes
Lair:5:   gammafunk_lair_ancient_temple, layout_regular_city,
          minmay_slime_entry_oklob_open, infiniplex_staircase_pool_2,
          serial_bayou_shore_b
Shoals:1: layout_shoals
Shoals:2: layout_shoals, nicolae_shoals_nymph_descending_staircase,
          uniq_polyphemus
Shoals:3: layout_shoals, uniq_ilsuiw
Shoals:4: shoals_end_hellmonk_storm_palace [storm_palace_center_circular,
          storm_palace_corner_narrow, storm_palace_corner_narrow,
          storm_palace_corner_narrow, storm_palace_corner_pillars], serial_shops
Snake:1:  layout_chambers, nicolae_snake_mages_go_home, minmay_shop_grove,
          lemuel_fruit_tree
Snake:2:  gammafunk_its_a_trap, layout_basic, serial_shops, shop_fountains,
          nicolae_shop_hallway_stairs, nicolae_shop_tiny_real_fake_doors, shop,
          uniq_saint_roka
Snake:3:  layout_misc_corridors, nicolae_snake_coiling_death
Snake:4:  snake_pit_salamanders_mu, layout_gridlike, grunt_megastairs_2
Orc:1:    minmay_goldmine, layout_caves, basic_altar
Orc:2:    st_orc_town, layout_caves, serial_shops, shop, uniq_erolcha,
          uniq_azrael
Elf:1:    nicolae_elf_arrival_fired_up, layout_geoelf_diagonals,
          portal_ice_cave_entry_pillars_three, basic_altar,
          hellmonk_ghost_happy_afterlife, nicolae_elf_blasts_and_bolts
Vaults:1: nicolae_vaults_network_star, st_quartered_hall, grunt_vaults_swirl,
          ontoclasm_vaults_gateway, nicolae_vaults_circle_grid_a, v_misc_28,
          nicolae_vaults_tetromino_L_1, vaults_room_boxed,
          nicolae_vaults_little_squares_1, vaults_room_grid,
          ontoclasm_vaults_twist, dpeg_vaults_monster_row, v_pattern_2,
          nicolae_vaults_angled_halls, layout_vaults_maze_snakey
Vaults:2: gammafunk_ghost_necromancy, v_misc_18, ontoclasm_vaults_eye,
          nicolae_vaults_little_squares_5, nicolae_vaults_trapezoid_lopsided_3,
          nicolae_vaults_mini_display_case, nicolae_vaults_closet_pinwheel_5,
          layout_vaults_omnigrid
Vaults:3: nicolae_vaults_wrenched, nicolae_vaults_closet_pinwheel_4,
          minmay_crypt_entry_simple_walls, nicolae_vaults_bisected_inception,
          nicolae_vaults_six-pack, vaults_room_door_hall,
          hangedman_vaults_stagger, v_rooms_6, nicolae_vaults_asterisk,
          layout_vaults_chaotic_city
Vaults:4: nicolae_vaults_disjoint_gnomons, nicolae_vaults_security_offices_2,
          nicolae_vaults_spaceships, vaults_dpeg_cross,
          nicolae_vaults_weapon_check, nicolae_vaults_inception_scallops,
          v_misc_15, v_misc_30, v_misc_13, nicolae_vaults_heist,
          nicolae_vaults_double_plus_3, vaults_room_grid, layout_vaults_omnibox,
          serial_glass
Vaults:5: serial_shops

Skill      XL: |  1  2  3  4  5  6  7  8  9 10 11 12 13 14 15 16 17 18 19 20 21 22 |
---------------+-------------------------------------------------------------------+-----
Axes           | 3 4 5 7 8 10 12 13 14 16 17 18 19 20 21 22 23 24 | 24.2
Fighting       | 4 5 6 7 8 9 10 11 12 13 14 15 16 17 18 19 20 | 20.1
Armour         | 4 5 6 7 8 9 10 11 12 13 14 15 16 17 18 | 18.4
Invocations    | 3 5 7 9 10 11 13 14 15 16 17 18 19 20 | 20.0
Shields        | 5 6 7 8 9 10 11 12 13 14 15 16 17 | 17.5
Throwing       | 1 3 5 6 7 9 10 11 12 | 12.0
Evocations     | 3 5 7 8 10 | 10.0

Action                     |  1- 3 |  4- 6 |  7- 9 | 10-12 | 13-15 | 16-18 | 19-21 | 22-24 || total
---------------------------+-------+-------+-------+-------+-------+-------+-------+-------++-------
  Melee: War axe           |   119 |   101 |   206 |   381 |   947 |   828 |  1064 |   151 ||  3797
         Hand axe          |       |       |       |     8 |    34 |     9 |       |       ||    51
         Headbutt          |       |       |       |       |       |       |    54 |       ||    54
  Throw: Boomerang         |       |       |       |       |   158 |    20 |   103 |       ||   281
 Invoke: Stomp             |       |       |       |     5 |       |     3 |     3 |       ||    11
         Line Pass         |       |       |       |     1 |     6 |     6 |       |     2 ||    15
         Grand Finale      |       |       |       |       |       |     1 |       |     1 ||     2
  Evoke: Lightning rod     |       |       |       |       |       |       |     2 |       ||     2
    Use: Scroll            |     5 |     4 |     3 |     8 |    11 |    12 |     8 |     2 ||    53
         Potion            |       |     1 |       |     2 |     3 |     7 |     8 |       ||    21
   Stab: Distracted        |       |       |     1 |     4 |    10 |    12 |    11 |     3 ||    41
         Paralysed         |       |       |     3 |    26 |    44 |    71 |    90 |    30 ||   264
         Confused          |       |       |       |     1 |     4 |     1 |       |     1 ||     7
         Sleeping          |       |       |       |       |     2 |       |     1 |       ||     3
 Armour: Scale mail        |    98 |    73 |     5 |       |       |       |       |       ||   176
         Chain mail        |       |       |    85 |   226 |       |       |       |       ||   311
         Swamp dragon scal |       |       |       |    15 |   612 |   395 |   552 |   101 ||  1675
         Skin              |       |       |       |       |     3 |       |       |       ||     3
  Dodge: Dodged            |    65 |    58 |    35 |    53 |   187 |   139 |   150 |    33 ||   720
  Block: Buckler           |    35 |    18 |    15 |       |       |       |       |       ||    68
         Tower shield      |       |       |    66 |   225 |   720 |   577 |   793 |   128 ||  2509
         Reflection        |       |       |       |       |       |    49 |   101 |     7 ||   157
